Map: Ever Dream LE

Players

Lambo

  • Race: Zerg Zerg
  • Spawn Location: 1:00

Geralt (Gerald) - Winner!

  • Race: Protoss Protoss
  • League: Grandmaster
  • Spawn Location: 7:00

Event: DreamHack SC2 Masters 2020 Fall

VOD

Have the link to the VOD?

Description

Time

  • Played on: Sept. 9, 2020, 12:13 p.m.
  • Length: 20:32

All games in this series

Show
View Real Time Build Order
Export as new Build Order

Lambo Zerg 

Build Orders: Hatch First, Lurkers 

Get SALT Encoding   

  12  0:00  Drone  
  13  0:12  Overlord  
  13  0:17  Drone  
  14  0:30  Drone x2  
  16  0:47  Hatchery  
  15  0:51  Drone  
  15  0:54  Drone  
  17  0:57  Drone  
  18  1:09  Extractor  
  17  1:12  Spawning Pool  
  17  1:16  Drone  
  17  1:19  Drone  
  18  1:28  Drone  
  19  1:38  Drone  
  20  1:51  Overlord  
  20  1:59  Queen x2  
  20  2:00  Zergling x4  
  26  2:12  Drone x2, Metabolic Boost  
  28  2:21  Drone  
  29  2:27  Drone  
  30  2:35  Hatchery  
  30  2:36  Drone  
  30  2:40  Drone  
  30  2:42  Drone  
  32  2:46  Overlord  
  32  2:55  Drone  
  32  2:56  Queen  
  35  3:01  Drone  
  36  3:07  Drone x2  
  36  3:08  Overlord  
  36  3:09  Drone  
  36  3:10  Drone  
  40  3:19  Queen  
  40  3:20  Drone  
  40  3:21  Drone  
  44  3:30  Drone x2  
  46  3:34  Queen  
  46  3:37  Spore Crawler  
  46  3:39  Drone, Spore Crawler  
  46  3:40  Drone x2  
  49  3:45  Drone x2  
  49  3:47  Overlord  
  51  3:55  Queen  
  51  3:59  Drone x3  
  51  4:02  Drone, Spore Crawler  
  56  4:06  Drone x2  
  56  4:07  Drone  
  56  4:09  Overlord  
  59  4:14  Drone x2  
  61  4:19  Drone x4  
  61  4:21  Drone  
  61  4:22  Extractor  
  59  4:26  Drone  
  59  4:27  Queen  
  62  4:34  Drone x2, Roach Warren  
  62  4:38  Queen  
  65  4:42  Drone x3  
  67  4:45  Drone x2  
  67  4:49  Extractor  
  67  4:51  Extractor  
  72  4:52  Drone x5  
  72  4:54  Drone  
  69  5:01  Lair  
  69  5:03  Drone x5  
  69  5:06  Evolution Chamber  
  72  5:08  Zergling x2  
  72  5:14  Zergling x2, Spore Crawler  
  73  5:16  Overlord  
  73  5:19  Extractor x2, Overlord  
  73  5:20  Extractor, Zergling x4  
  73  5:21  Zergling x2  
  73  5:31  Overlord x2  
  73  5:32  Zerg Melee Weapons Level 1  
  73  5:35  Drone x3  
  76  5:36  Hatchery  
  76  5:38  Overlord  
  76  5:39  Drone  
  76  5:44  Drone x4  
  76  5:46  Drone  
  76  5:49  Roach x2  
  86  5:50  Roach  
  86  5:53  Roach  
  86  5:57  Roach x3  
  94  6:03  Roach x3  
  97  6:06  Roach  
  97  6:07  Roach  
  97  6:08  Queen  
  95  6:12  Roach  
  95  6:16  Queen  
  96  6:20  Zergling x10  
  96  6:27  Queen  
  98  6:35  Drone x4  
  100  6:41  Drone  
  95  6:49  Drone  
  95  6:50  Hydralisk Den  
  95  6:52  Drone x2  
  95  6:53  Drone  
  97  6:56  Drone x4  
  97  7:01  Drone x4  
  105  7:03  Spore Crawler  
  105  7:06  Queen  
  106  7:09  Drone  
  106  7:10  Drone x2  
  106  7:14  Drone  
  106  7:15  Drone  
  108  7:21  Lurker Den  
  108  7:22  Drone x6  
  111  7:25  Infestation Pit, Unknown  
  111  7:27  Drone  
  111  7:28  Glial Reconstitution  
  111  7:29  Zerg Missile Weapons Level 1  
  110  7:32  Muscular Augments  
  110  7:33  Zergling x4  
  110  7:35  Overlord  
  112  7:41  Overlord  
  112  7:43  Overlord  
  112  7:44  Overlord  
  112  7:53  Queen  
  112  7:57  Overlord  
  112  7:58  Drone x5  
  118  7:59  Overlord  
  118  8:00  Roach x3  
  118  8:02  Ravager x2  
  118  8:05  Roach  
  127  8:07  Hive, Roach  
  127  8:11  Queen  
  131  8:13  Roach x3  
  131  8:14  Ravager  
  131  8:15  Ravager  
  131  8:16  Roach  
  131  8:19  Roach x2  
  145  8:21  Roach x2  
  145  8:24  Roach x2  
  145  8:25  Roach  
  151  8:28  Zergling x6  
  151  8:29  Zergling x2  
  151  8:31  Zergling x4  
  151  8:33  Roach  
  132  8:39  Roach  
  126  8:42  Roach x2  
  130  8:48  Roach x3  
  130  8:49  Roach x2  
  130  8:52  Ravager x3  
  130  8:53  Roach  
  142  8:56  Roach  
  142  8:58  Roach  
  142  9:00  Overlord  
  139  9:08  Roach  
  134  9:12  Roach x3  
  134  9:16  Roach x2  
  134  9:21  Seismic Spines  
  134  9:23  Hydralisk x4  
  142  9:24  Overlord  
  142  9:26  Zerg Missile Weapons Level 2  
  142  9:30  Overlord  
  142  9:34  Overlord  
  142  9:40  Drone  
  142  9:42  Overlord  
  143  9:46  Viper x2  
  143  9:49  Lurker x3  
  143  9:51  Zergling x12  
  154  10:07  Lurker  
  154  10:11  Hydralisk x2  
  154  10:12  Hydralisk x2  
  163  10:14  Drone x7  
  163  10:19  Adaptive Talons  
  170  10:21  Drone x2  
  170  10:22  Overseer  
  170  10:25  Hydralisk  
  174  10:29  Queen  
  174  10:30  Queen  
  174  10:31  Overlord  
  174  10:33  Hydralisk x2  
  168  10:40  Lurker  
  167  10:50  Hydralisk x4, Overlord  
  167  10:52  Overlord  
  167  10:55  Overlord  
  175  10:57  Overlord  
  175  11:01  Overlord  
  175  11:04  Evolution Chamber  
  172  11:05  Hydralisk  
  172  11:07  Pneumatized Carapace  
  172  11:08  Hydralisk x3  
  172  11:10  Hatchery  
  179  11:17  Lurker x6  
  174  11:25  Hydralisk x3  
  174  11:27  Overseer  
  174  11:32  Hatchery  
  177  11:34  Drone  
  177  11:39  Hydralisk x3  
  180  11:41  Overseer  
  180  11:44  Zerg Missile Weapons Level 3  
  184  11:48  Zerg Ground Armor Level 1  
  184  11:50  Zergling x2  
  184  11:51  Zergling x8  
  184  11:53  Overseer  
  189  12:01  Overlord  
  189  12:02  Zergling x12  
  195  12:13  Hydralisk x3  
  198  12:21  Hydralisk x2  
  199  12:29  Overlord  
  195  12:30  Roach  
  195  12:32  Roach x4  
  194  12:38  Roach  
  189  12:48  Hydralisk x4  
  189  12:50  Roach  
  180  12:53  Roach x4  
  180  12:55  Overseer  
  159  13:05  Roach x3  
  155  13:16  Grooved Spines  
  155  13:17  Lurker x5  
  155  13:18  Lurker x3  
  163  13:25  Lurker  
  163  13:26  Hatchery  
  163  13:30  Lurker  
  163  13:33  Roach x3  
  170  13:38  Hydralisk  
  169  13:52  Hydralisk x4  
  177  14:08  Hydralisk x5  
  181  14:14  Hydralisk  
  151  14:18  Hydralisk  
  151  14:22  Hydralisk x2  
  139  14:35  Hydralisk x3  
  139  14:38  Hydralisk  
  132  14:43  Drone x3  
  128  14:55  Lurker x6  
  134  15:04  Hatchery  
  134  15:05  Hydralisk x2  
  134  15:06  Hydralisk  
  139  15:08  Lurker  
  139  15:12  Roach x2  
  143  15:16  Drone x3  
  146  15:30  Roach x7  
  160  15:40  Hydralisk x2  
  160  15:42  Overseer  
  164  15:43  Overseer  
  164  15:46  Hydralisk  
  164  15:48  Lurker x2  
  164  15:49  Extractor  
  167  15:50  Spine Crawler  
  167  15:51  Extractor, Spine Crawler  
  167  15:56  Hydralisk  
  167  15:57  Hydralisk x2  
  164  16:01  Roach x2  
  174  16:10  Roach  
  174  16:11  Roach x4  
  184  16:21  Drone x8  
  192  16:29  Drone x3  
  192  16:30  Spire  
  194  16:33  Drone x2  
  194  16:38  Overseer  
  194  16:39  Lurker  
  198  16:40  Lurker  
  198  17:01  Hydralisk x4  
  162  17:16  Hydralisk x14  
  162  17:21  Hydralisk x3  
  173  17:31  Hydralisk x4  
  173  17:34  Lurker x3  
  173  17:47  Hydralisk  
  173  17:49  Lurker  
  173  18:01  Hydralisk  
  173  18:02  Hydralisk x3  
  176  18:12  Overseer  
  173  18:14  Overseer  
  173  18:17  Hatchery  
  172  18:22  Hatchery  
  172  18:26  Hydralisk x4  
  172  18:46  Overlord  
  170  18:50  Overlord  
  170  18:54  Hatchery  
  170  18:55  Drone x5  
  155  18:56  Extractor, Hydralisk x5  
  155  18:58  Lurker x2, Extractor  
  155  19:02  Queen  
  165  19:04  Queen  
  169  19:14  Roach x6  
  181  19:23  Lurker x2  
  183  19:31  Roach x3  
  179  19:45  Roach x7  
  183  19:52  Lurker  
  163  20:08  Hydralisk  
Show
View Real Time Build Order
Export as new Build Order

Geralt Protoss - Winner!

Build Orders: 1 Gate Expand, Oracle Opening 

Get SALT Encoding   

  12  0:00  Probe  
  13  0:12  Probe  
  14  0:18  Pylon  
  14  0:24  Probe  
  14  0:27  Assimilator  
  15  0:36  Probe (Chrono Boost)  
  15  0:42  Gateway  
  16  0:47  Probe (Chrono Boost)  
  17  0:52  Probe  
  18  1:04  Probe  
  19  1:16  Probe  
  20  1:23  Nexus  
  20  1:33  Cybernetics Core  
  20  1:36  Probe  
  21  1:42  Assimilator  
  21  1:48  Probe  
  21  1:52  Pylon  
  22  2:00  Probe  
  23  2:08  Stalker (Chrono Boost)  
  23  2:14  Probe  
  26  2:15  Stargate  
  26  2:26  Probe  
  26  2:27  Warp Gate  
  27  2:35  Probe  
  28  2:38  Probe  
  29  2:46  Adept  
  29  2:47  Probe  
  29  2:50  Probe  
  33  2:56  Oracle (Chrono Boost)  
  33  3:02  Gateway  
  33  3:03  Probe x2  
  38  3:15  Probe x2, Pylon  
  40  3:23  Oracle (Chrono Boost)  
  43  3:27  Probe x2  
  45  3:36  Pylon  
  45  3:39  Probe  
  45  3:40  Probe  
  47  3:44  Gateway  
  47  3:47  Assimilator  
  47  3:51  Probe  
  47  3:52  Oracle (Chrono Boost), Probe  
  52  4:03  Pylon  
  52  4:06  Probe  
  53  4:12  Probe  
  54  4:27  Probe x2  
  54  4:29  Adept x2  
  60  4:31  Oracle (Chrono Boost)  
  60  4:32  Pylon  
  63  4:39  Probe x2  
  63  4:42  Nexus, Pylon  
  65  5:01  Oracle, Adept x3  
  65  5:03  Probe  
  65  5:06  Probe  
  76  5:09  Robotics Facility  
  76  5:10  Shield Battery  
  76  5:15  Probe  
  76  5:19  Probe  
  76  5:20  Assimilator  
  78  5:23  Adept, Pylon  
  78  5:24  Adept x2  
  84  5:36  Probe  
  84  5:39  Probe  
  86  5:47  Forge, Twilight Council  
  86  5:48  Probe  
  87  5:51  Probe  
  87  5:53  Probe  
  87  5:54  Stalker x3  
  95  6:00  Probe  
  96  6:09  Probe  
  94  6:15  Protoss Ground Weapons Level 1 (Chrono Boost)  
  94  6:18  Immortal  
  95  6:23  Blink (Chrono Boost), Probe  
  95  6:24  Probe x2  
  96  6:28  Gateway  
  96  6:30  Gateway  
  96  6:32  Gateway  
  94  6:35  Probe  
  94  6:36  Probe x2  
  84  6:47  Probe  
  84  6:48  Probe  
  84  6:50  Assimilator  
  85  6:54  Assimilator, Immortal (Chrono Boost)  
  85  6:56  Probe  
  85  6:57  Stalker x2  
  85  7:00  Robotics Bay  
  85  7:01  Pylon  
  94  7:03  Stalker  
  94  7:04  Probe  
  94  7:06  Pylon  
  97  7:21  Stalker x2  
  98  7:22  Probe  
  98  7:23  Warp Prism (Chrono Boost)  
  98  7:24  Pylon  
  98  7:25  Pylon  
  98  7:26  Probe  
  98  7:29  Probe  
  102  7:32  Gateway  
  102  7:34  Gateway  
  102  7:35  Gateway  
  102  7:38  Stalker x3  
  108  7:45  Stalker x2  
  112  7:51  Disruptor  
  112  7:57  Stalker  
  117  8:06  Nexus  
  117  8:09  Robotics Facility, Pylon  
  117  8:15  Stalker  
  117  8:16  Stalker x3  
  125  8:20  Stalker  
  117  8:39  Stalker  
  117  8:40  Stalker x3  
  121  8:43  Stalker x4  
  121  8:44  Stalker  
  131  9:07  Stalker x4  
  131  9:16  Protoss Ground Weapons Level 2  
  120  9:19  Probe  
  120  9:20  Probe x2  
  120  9:21  Disruptor x2 (Chrono Boost)  
  120  9:22  Probe  
  124  9:27  Charge (Chrono Boost)  
  130  9:34  Probe (Chrono Boost)  
  130  9:36  Probe (Chrono Boost), Photon Cannon  
  130  9:37  Shield Battery, Probe x2 (Chrono Boost)  
  134  9:42  Unknown  
  134  9:43  Probe (Chrono Boost)  
  134  9:44  Pylon  
  138  9:46  Probe x3 (Chrono Boost)  
  138  9:49  Probe  
  138  9:51  Observer (Chrono Boost)  
  140  9:57  Colossus (Chrono Boost)  
  140  10:03  Probe x2  
  140  10:04  Probe  
  140  10:06  Colossus (Chrono Boost)  
  149  10:11  Extended Thermal Lance (Chrono Boost)  
  149  10:12  Gateway  
  155  10:15  Nexus, Gateway  
  155  10:17  Pylon  
  155  10:19  Pylon  
  155  10:25  Pylon  
  153  10:41  Colossus, Probe  
  160  10:47  Zealot x8  
  174  10:56  Probe  
  169  10:59  Templar Archives  
  169  11:02  Probe  
  162  11:07  Zealot x3  
  162  11:08  Zealot x6  
  170  11:24  Disruptor  
  165  11:29  Psionic Storm, Probe x2  
  159  11:33  Photon Cannon  
  159  11:35  Photon Cannon  
  159  11:37  Photon Cannon  
  159  11:38  Disruptor  
  162  11:40  Shield Battery, High Templar x8  
  162  11:41  Zealot, Shield Battery  
  162  11:42  Zealot x2  
  162  11:44  Shield Battery  
  184  11:55  Assimilator  
  184  11:59  Fleet Beacon  
  184  12:00  Assimilator  
  184  12:01  Stargate  
  184  12:06  Disruptor  
  187  12:21  Zealot x2  
  187  12:22  Zealot x9  
  199  12:36  Archon  
  158  12:42  Zealot x2  
  158  12:43  Zealot x9  
  151  12:57  Immortal x2 (Chrono Boost)  
  117  13:03  Archon  
  117  13:04  Zealot x4  
  117  13:05  Zealot x7  
  153  13:13  Probe (Chrono Boost)  
  153  13:17  Oracle  
  153  13:19  Tempest  
  161  13:23  Shield Battery, Photon Cannon  
  161  13:25  Zealot, High Templar x4, Probe (Chrono Boost)  
  161  13:26  Zealot x2  
  176  13:28  Disruptor  
  176  13:29  Observer  
  182  13:37  Assimilator  
  182  13:40  Zealot x2  
  182  13:41  Zealot x2  
  178  13:53  Zealot x2  
  178  13:54  Disruptor  
  183  14:05  Zealot x7  
  137  14:20  Archon x2  
  137  14:23  Stalker x4  
  123  14:26  Immortal (Chrono Boost)  
  123  14:30  Zealot x7  
  123  14:31  Immortal (Chrono Boost)  
  136  14:43  Pylon  
  136  14:44  Tempest x2  
  143  14:46  Pylon  
  143  14:51  High Templar x8  
  159  15:01  Mothership (Chrono Boost)  
  159  15:02  Immortal (Chrono Boost)  
  159  15:07  Disruptor (Chrono Boost), Shield Battery, Photon Cannon  
  174  15:10  Archon x2  
  174  15:19  Nexus  
  174  15:21  Tempest  
  172  15:31  Tempest  
  172  15:34  Disruptor  
  172  15:35  High Templar x2  
  187  15:38  Zealot x2, Pylon  
  187  15:40  Protoss Ground Weapons Level 3 (Chrono Boost)  
  191  15:49  Pylon  
  191  15:59  Zealot x2  
  191  16:00  Zealot x5  
  191  16:21  Disruptor, Photon Cannon  
  191  16:22  Shield Battery  
  194  16:27  Probe  
  194  16:32  Disruptor  
  195  16:35  Photon Cannon  
  195  16:36  High Templar, Photon Cannon  
  195  16:37  Shield Battery  
  195  16:39  Shield Battery  
  200  16:41  Nexus  
  200  16:52  Protoss Air Weapons Level 1  
  173  17:25  Nexus  
  173  17:26  Pylon  
  173  17:34  Zealot  
  173  17:35  Zealot x8  
  173  17:36  Observer (Chrono Boost)  
  176  17:45  Disruptor (Chrono Boost), Probe  
  176  17:49  Photon Cannon  
  176  17:51  Photon Cannon  
  171  17:52  Shield Battery  
  165  18:03  Disruptor  
  150  18:14  High Templar x9  
  150  18:16  Disruptor  
  150  18:19  Archon x3  
  171  18:23  Assimilator  
  171  18:27  Assimilator  
  165  18:58  Zealot x5  
  165  18:59  Zealot x4  
  183  19:16  Disruptor x2  
  197  19:26  Nexus  
  177  20:02  Zealot x2  
  177  20:03  Zealot x7  

Tags
 
Add a new tag
Caveats
  • Supply blocks, unpowered buildings, or Contaminate may cause inaccurate times.
  • Supply counts are checked every 10 seconds.